 Dungeon Crawl Stone Soup version 0.26.1-11-gd32895ea62 (webtiles) character file.

Game seed: 10625537320391324503

278 Patoropollo the Cutter (level 5, -6/45 HPs)
             Began as a Demigod Gladiator on May 20, 2021.
             Killed by divine providence
             ... invoked by an orc priest
              (14 damage)
             ... on level 3 of the Dungeon.
             The game lasted 00:07:44 (2932 turns).

Patoropollo the Cutter (Demigod Gladiator)          Turns: 2932, Time: 00:07:45

Health: -6/45      AC:  6    Str: 17    XL:     5   Next: 75%
Magic:  7/7        EV: 14    Int: 12    God:
Gold:   174        SH:  0    Dex: 19    Spells: 4/4 levels left

rFire    . . .     SeeInvis .   a - +0 rapier
rCold    . . .     Faith    .   (no shield)
rNeg     . . .     Spirit   .   s - +0 robe
rPois    .         Reflect  .   c - +0 helmet
rElec    .         Harm     .   (no cloak)
rCorr    .         Rampage  .   e - +2 pair of gloves
Will     .....                  (no boots)
Stlth    +++.......             (no amulet)
HPRegen  0.15/turn              p - ring of stealth
MPRegen  0.10/turn              (no ring)

@: no status effects
A: high mp 1
a: no special abilities


You were on level 3 of the Dungeon.
You visited 1 branch of the dungeon, and saw 3 of its levels.

You collected 174 gold pieces.

Inventory:

Hand Weapons
 a - a +0 rapier (weapon)
Armour
 c - a +0 helmet (worn)
 e - a +2 pair of gloves (worn)
 s - a +0 robe (worn)
Jewellery
 p - a ring of stealth (left hand)
Wands
 q - a wand of flame (20)
Scrolls
 b - 3 scrolls of enchant armour {unknown}
 d - a scroll of magic mapping {unknown}
 f - 9 scrolls of identify {unknown}
 i - 2 scrolls of teleportation {unknown}
 k - a scroll of noise {unknown}
 l - 5 scrolls of remove curse {unknown}
 n - a scroll of enchant weapon {unknown}
Potions
 g - 3 potions of lignification {unknown}
 h - 2 potions of ambrosia {unknown}
 j - 2 potions of curing {unknown}
 m - a potion of berserk rage {unknown}
 o - a potion of heal wounds {unknown}
 r - a potion of resistance {unknown}


   Skills:
 + Level 3.2 Fighting
 + Level 3.9 Short Blades
 - Level 3.1 Throwing
 + Level 3.8 Dodging


You had 4 spell levels left.
You didn't know any spells.
Your spell library contained the following spells:

 Spells                   Type           Power        Failure   Level
 Beastly Appendage        Tmut           0%           32%         1
 Wereblood                Tmut           0%           45%         2
 Spider Form              Tmut/Pois      0%           69%         3
 Ice Form                 Ice/Tmut       0%           97%         4
 Blade Hands              Tmut           0%           100%        5


Dungeon Overview and Level Annotations

Branches:
Dungeon (3/15)


Innate Abilities, Weirdness & Mutations

You have an increased reservoir of magic. (+10% MP)


Message History

The orc priest is lightly wounded.
The orc priest misses you. The orc barely misses you.
You puncture the orc priest!
The orc priest is heavily wounded.
The orc priest hits you with a +0 dagger.
You hit the orc priest.
The orc priest is severely wounded.
The orc hits you with a +0 hand axe!
The orc priest hits you but does no damage.
You closely miss the orc priest.
The orc priest is severely wounded.
The orc hits you with a +0 hand axe!
* * * LOW HITPOINT WARNING * * *
The orc priest hits you but does no damage.
You hit the orc priest.
The orc priest is almost dead.
The orc closely misses you.
The orc priest calls down the wrath of Beogh upon you.
Beogh smites you!
You die...

..........
#.....########'###
### ..........
#.....# #.# #.#
..........
#.....######
#.#####.#
..........
#######....#
#.......#
..........
#.....#....#
#######.#
..........
#..........+ #(#
#..........#
#######.#
#.).oo.....#
......... #..@.#
........# #....#
........# #....#
>######## #....#
## #########....#
.....
#...........##
......
#...........#
#.......
#........>.##
#.......
#..........#
#.......


You could see an orc priest and an orc.

Vanquished Creatures
  An orc priest (D:3)
  Natasha (thrice) (D:3)
  7 adders
  4 worms
  4 dart slugs
  3 leopard geckos
  5 orcs
  2 ball pythons
  5 bats
  5 giant cockroaches
  12 goblins
  10 hobgoblins
  3 jackals (D:1)
  7 kobolds
  2 quokkas (D:2)
  7 frilled lizards
  7 rats
87 creatures vanquished.

Notes
Turn   | Place    | Note
-------+----------+-------------------------------------------
     0 | D:1      | Patoropollo the Demigod Gladiator began the quest for the
                  | Orb.
     0 | D:1      | Reached XP level 1. HP: 17/17 MP: 3/3
   231 | D:1      | Reached XP level 2. HP: 19/24 MP: 4/4
   526 | D:1      | Reached XP level 3. HP: 27/29 MP: 5/5
  1357 | D:2      | Found a faded altar of an unknown god.
  1401 | D:2      | Reached XP level 4. HP: 37/37 MP: 6/6
  2247 | D:3      | Noticed Natasha
  2253 | D:3      | Reached XP level 5. HP: 40/44 MP: 7/7
  2259 | D:3      | Killed Natasha
  2494 | D:3      | Noticed Natasha
  2505 | D:3      | Killed Natasha
  2574 | D:3      | Noticed Natasha
  2583 | D:3      | Killed Natasha
  2932 | D:3      | Killed from afar by an orc priest

Illustrated notes

Levels and vault maps discovered:
D:1:      dpeg_arrival_snail, layout_loops_ring, minmay_surrounded
D:2:      layout_rooms, chequers_ecumenical_altar_simple, minmay_domino_4
D:3:      layout_basic, st_stairs_11, uniq_natasha, uniq_robin

Skill      XL: |  1  2  3  4  5 |
---------------+----------------+-----
Fighting       | 2 3 |  3.2
Throwing       | 2 3 |  3.1
Short Blades   | 3 |  3.9
Dodging        | 3 |  3.8

Action                   |  1- 3 |  4- 6 || total
-------------------------+-------+-------++-------
Melee: Rapier            |   123 |   161 ||   284
Throw: Throwing net      |       |     3 ||     3
 Stab: Sleeping          |     3 |     8 ||    11
       Held in net/web   |       |     1 ||     1
Armor: Leather armour    |    49 |     8 ||    57
       Robe              |       |    41 ||    41
Dodge: Dodged            |    84 |   131 ||   215
